3AA
VIRGINIA BEACH DEUCES @ RICHLAND RAILS
08/01/2034
 
TOP OF THE 1ST
Virginia Beach Deuces batting - Pitching for Richland Rails : RHP Jose Jovellanos
Pitching: RHP Jose Jovellanos
Batting: RHB Luis Díaz 0-0: Fly out, F9 (Flyball, 9S)
Batting: RHB Stephen McManus 0-0: DOUBLE (Line Drive, 89D)
Batting: LHB Jaime Aguilar 0-0: Ball
1-0: Ball
2-0: 2-RUN HOME RUN (Flyball, 89D), Distance : 370 ft
Batting: RHB Lane McCool 0-0: Ball
1-0: SINGLE (Flyball, 7LM)
Batting: SHB Iikka Karpinen 0-0: Ball
1-0: Foul Ball, location: 2F
1-1: Fly out, F8 (Flyball, 8RXD)
Batting: RHB Paul Byrd 0-0: Ball
1-0: Ball
2-0: SINGLE (Flyball, 89S)
Lane McCool to second
Batting: RHB Richard Sonntag 0-0: Ball
1-0: Fielders Choice at 2nd, 5-4 (Groundball, 5)
Top of the 1st over - 2 runs, 4 hits, 0 errors, 2 left on base; Virginia Beach 2 - Richland 0
BOTTOM OF THE 1ST
Richland Rails batting - Pitching for Virginia Beach Deuces : RHP Earl Danziger
Pitching: RHP Earl Danziger
Batting: RHB James Cooper 0-0: Ball
1-0: Called Strike
1-1: Foul Ball, location: 2F
1-2: Ball
2-2: Ball
3-2: Base on Balls
Batting: RHB Bill Hill 0-0: Called Strike
0-1: Ball
1-1: Ball
2-1: Ball
3-1: Fly out, F7 (Flyball, 7S)
Batting: RHB Bill Chaundler 0-0: Ground out U3 (Groundball, 34)
James Cooper to second
Batting: RHB Carlos Muñóz 0-0: Ball
1-0: Foul Ball, location: 2F
1-1: Foul Ball, location: 2F
1-2: Foul Ball, location: 2F
1-2: Ball
2-2: Ball
Wild Pitch!
James Cooper to third
3-2: Ground out 6-3 (Groundball, 6MD)
Bottom of the 1st over - 0 runs, 0 hits, 0 errors, 1 left on base; Virginia Beach 2 - Richland 0
TOP OF THE 2ND
Virginia Beach Deuces batting - Pitching for Richland Rails : RHP Jose Jovellanos
Batting: RHB Juan González 0-0: Foul Ball, location: 2F
0-1: Ball
1-1: Ball
2-1: Swinging Strike
2-2: Fly out, F4 (Popup, 3D)
Batting: LHB Abel Apolinrio 0-0: Called Strike
0-1: Ball
1-1: Called Strike
1-2: Ball
2-2: Foul Ball, location: 2F
2-2: Foul Ball, location: 2F
2-2: Fly out, F9 (Flyball, 9)
Batting: RHB Luis Díaz 0-0: Called Strike
0-1: Ball
1-1: Called Strike
1-2: Ball
2-2: DOUBLE (Line Drive, 9LM)
Batting: RHB Stephen McManus 0-0: Foul Ball, location: 2F
0-1: Ground out 6-3 (Groundball, 6)
Top of the 2nd over - 0 runs, 1 hit, 0 errors, 1 left on base; Virginia Beach 2 - Richland 0
BOTTOM OF THE 2ND
Richland Rails batting - Pitching for Virginia Beach Deuces : RHP Earl Danziger
Batting: RHB Olaf Esveld 0-0: Swinging Strike
0-1: Called Strike
0-2: Foul Ball, location: 2F
0-2: Strikes out looking
Batting: RHB Falco Opsteegh 0-0: Foul Ball, location: 2F
0-1: Ball
1-1: Swinging Strike
1-2: Strikes out looking
Batting: RHB Frank Simon 0-0: Called Strike
0-1: Called Strike
0-2: Ball
1-2: Strikes out swinging
Bottom of the 2nd over - 0 runs, 0 hits, 0 errors, 0 left on base; Virginia Beach 2 - Richland 0
TOP OF THE 3RD
Virginia Beach Deuces batting - Pitching for Richland Rails : RHP Jose Jovellanos
Batting: LHB Jaime Aguilar 0-0: Foul Ball, location: 2F
0-1: Ball
1-1: Called Strike
1-2: Foul Ball, location: 2F
1-2: SINGLE (Line Drive, 8RS)
Batting: RHB Lane McCool 0-0: Ball
1-0: Called Strike
1-1: Ball
2-1: Ball
3-1: Called Strike
3-2: Base on Balls
Jaime Aguilar to second
Batting: SHB Iikka Karpinen 0-0: Foul Ball, location: 2F
0-1: Ball
1-1: Swinging Strike
1-2: SINGLE (Line Drive, 4MD)
Jaime Aguilar to third
Lane McCool to second
Runner from 3rd tries for Home, throw and OUT!
Batting: RHB Paul Byrd 0-0: Ground out 6-3 (Groundball, 6S)
Lane McCool to third
Iikka Karpinen to second
Batting: RHB Richard Sonntag 0-0: Ball
1-0: Called Strike
1-1: Ball
2-1: Foul Ball, location: 2F
2-2: Ball
3-2: DOUBLE (Line Drive, 7D)
Lane McCool scores
Iikka Karpinen scores
Batting: RHB Juan González 0-0: Ball
1-0: Fly out, F8 (Flyball, 8RXD)
Top of the 3rd over - 2 runs, 3 hits, 0 errors, 1 left on base; Virginia Beach 4 - Richland 0
BOTTOM OF THE 3RD
Richland Rails batting - Pitching for Virginia Beach Deuces : RHP Earl Danziger
Batting: RHB Corey Hines 0-0: Called Strike
0-1: Ball
1-1: Foul Ball, location: 2F
1-2: Ball
2-2: Ball
3-2: Fly out, F3 (Popup, 3SF)
Batting: RHB Jung-heum Ho 0-0: Ground out 5-3 (Groundball, 56S)
Batting: RHB James Cooper 0-0: Ball
1-0: Ball
2-0: Ball
3-0: Swinging Strike
3-1: Called Strike
3-2: Strikes out looking
Bottom of the 3rd over - 0 runs, 0 hits, 0 errors, 0 left on base; Virginia Beach 4 - Richland 0
TOP OF THE 4TH
Virginia Beach Deuces batting - Pitching for Richland Rails : RHP Jose Jovellanos
Batting: LHB Abel Apolinrio 0-0: Ball
1-0: Swinging Strike
1-1: Fly out, F8 (Flyball, 8RXD)
Batting: RHB Luis Díaz 0-0: Called Strike
0-1: Ball
1-1: Ball
2-1: Ball
3-1: SINGLE (Line Drive, 56D)
Batting: RHB Stephen McManus 0-0: Called Strike
0-1: Ball
1-1: Ground out 3-1 (Groundball, 34S)
Luis Díaz to second
Batting: LHB Jaime Aguilar 0-0: Ball
1-0: Foul Ball, location: 2F
1-1: Ball
2-1: Ball
3-1: Called Strike
3-2: Foul Ball, location: 2F
3-2: SINGLE (Flyball, 78S)
Luis Díaz to third
Luis Díaz scores
Pitching: RHP Nate Johnstone
Batting: RHB Lane McCool 0-0: Ball
1-0: Called Strike
1-1: Swinging Strike
1-2: Ball
Wild Pitch!
Jaime Aguilar to second
2-2: SINGLE (Line Drive, 56D)
Jaime Aguilar to third
Batting: SHB Iikka Karpinen 0-0: Ball
1-0: Swinging Strike
1-1: Called Strike
1-2: Foul Ball, location: 2F
1-2: Ball
2-2: Foul Ball, location: 2F
2-2: 3-RUN HOME RUN (Flyball, 9D), Distance : 346 ft
Batting: RHB Paul Byrd 0-0: Called Strike
0-1: Foul Ball, location: 2F
0-2: Strikes out looking
Top of the 4th over - 4 runs, 4 hits, 0 errors, 0 left on base; Virginia Beach 8 - Richland 0
BOTTOM OF THE 4TH
Richland Rails batting - Pitching for Virginia Beach Deuces : RHP Earl Danziger
Batting: RHB Bill Hill 0-0: Ground out 5-3 (Groundball, 2L)
Batting: RHB Bill Chaundler 0-0: Called Strike
0-1: Ball
1-1: SOLO HOME RUN (Flyball, 7D), Distance : 358 ft
Batting: RHB Carlos Muñóz 0-0: Ball
1-0: Ball
2-0: Foul Ball, location: 2F
2-1: Foul Ball, location: 2F
2-2: Foul Ball, location: 2F
2-2: Ground out 6-3 (Groundball, 6M)
Batting: RHB Olaf Esveld 0-0: Ball
1-0: Ball
2-0: Foul Ball, location: 2F
2-1: SINGLE (Flyball, 7LS)
Batting: RHB Falco Opsteegh 0-0: Called Strike
0-1: Fly out, F8 (Flyball, 89M)
Bottom of the 4th over - 1 run, 2 hits, 0 errors, 1 left on base; Virginia Beach 8 - Richland 1
TOP OF THE 5TH
Virginia Beach Deuces batting - Pitching for Richland Rails : RHP Nate Johnstone
Batting: RHB Richard Sonntag 0-0: Ground out 2-3 (Groundball, 15S)
Batting: RHB Juan González 0-0: Ball
1-0: Fly out, F8 (Flyball, 8LXD)
Batting: LHB Abel Apolinrio 0-0: Called Strike
0-1: Fly out, F9 (Flyball, 89M)
Top of the 5th over - 0 runs, 0 hits, 0 errors, 0 left on base; Virginia Beach 8 - Richland 1
BOTTOM OF THE 5TH
Richland Rails batting - Pitching for Virginia Beach Deuces : RHP Earl Danziger
Batting: RHB Frank Simon 0-0: Swinging Strike
0-1: Called Strike
0-2: Strikes out swinging
Batting: RHB Corey Hines 0-0: Foul Ball, location: 2F
0-1: Ball
1-1: Ball
2-1: Called Strike
2-2: SINGLE (Line Drive, 4MD)
Batting: RHB Jung-heum Ho 0-0: Called Strike
0-1: Fly out, F8 (Flyball, 8LM)
Batting: RHB James Cooper 0-0: Ball
1-0: Called Strike
1-1: Called Strike
1-2: Ball
2-2: SINGLE (Line Drive, 6D)
Corey Hines to second
Batting: RHB Bill Hill 0-0: Called Strike
0-1: Called Strike
0-2: Ball
1-2: Ball
2-2: Strikes out swinging
Bottom of the 5th over - 0 runs, 2 hits, 0 errors, 2 left on base; Virginia Beach 8 - Richland 1
TOP OF THE 6TH
Virginia Beach Deuces batting - Pitching for Richland Rails : RHP Nate Johnstone
Batting: RHB Luis Díaz 0-0: Called Strike
0-1: Ground out U3 (Groundball, 34)
Batting: RHB Stephen McManus 0-0: DOUBLE (Line Drive, 7LM)
Batting: LHB Jaime Aguilar 0-0: Ball
1-0: Foul Ball, location: 2F
1-1: Foul Ball, location: 2F
1-2: Fly out, F8 (Flyball, 8RS)
Batting: RHB Lane McCool 0-0: Ball
1-0: Ground out 6-3 (Groundball, 6)
Top of the 6th over - 0 runs, 1 hit, 0 errors, 1 left on base; Virginia Beach 8 - Richland 1
BOTTOM OF THE 6TH
Richland Rails batting - Pitching for Virginia Beach Deuces : RHP Earl Danziger
Batting: RHB Bill Chaundler 0-0: Ball
1-0: Called Strike
1-1: Ground out 6-3 (Groundball, 6)
Batting: RHB Carlos Muñóz 0-0: Ball
1-0: Ball
2-0: Foul Ball, location: 2F
2-1: Foul Ball, location: 2F
2-2: Strikes out looking
Batting: RHB Olaf Esveld 0-0: Ball
1-0: Foul Ball, location: 2F
1-1: Ground out 6-3 (Groundball, 6)
Bottom of the 6th over - 0 runs, 0 hits, 0 errors, 0 left on base; Virginia Beach 8 - Richland 1
TOP OF THE 7TH
Virginia Beach Deuces batting - Pitching for Richland Rails : RHP Nate Johnstone
Batting: SHB Iikka Karpinen 0-0: Swinging Strike
0-1: Ball
1-1: Swinging Strike
1-2: Foul Ball, location: 2F
1-2: Strikes out swinging
Batting: RHB Paul Byrd 0-0: Ball
1-0: Foul Ball, location: 2F
1-1: Foul Ball, location: 2F
1-2: Ball
2-2: Foul Ball, location: 2F
2-2: Ground out 5-3 (Groundball, 25)
Batting: RHB Richard Sonntag 0-0: Called Strike
0-1: Foul Ball, location: 2F
0-2: Strikes out swinging
Top of the 7th over - 0 runs, 0 hits, 0 errors, 0 left on base; Virginia Beach 8 - Richland 1
BOTTOM OF THE 7TH
Richland Rails batting - Pitching for Virginia Beach Deuces : RHP Earl Danziger
Batting: RHB Falco Opsteegh 0-0: Called Strike
0-1: Ball
1-1: Foul Ball, location: 2F
1-2: Foul Ball, location: 2F
1-2: Ball
2-2: Ball
3-2: Foul Ball, location: 2F
3-2: Base on Balls
Batting: RHB Frank Simon 0-0: Called Strike
0-1: Called Strike
0-2: Strikes out looking
Batting: RHB Corey Hines 0-0: Ball
1-0: Ball
2-0: Called Strike
2-1: Ball
3-1: Called Strike
3-2: Base on Balls
Falco Opsteegh to second
Batting: RHB Jung-heum Ho 0-0: Ball
1-0: Swinging Strike
1-1: Ball
2-1: DOUBLE (Groundball, 5L)
Falco Opsteegh scores
Corey Hines to third
Pitching: LHP Gwang-soo Park
Batting: RHB James Cooper 0-0: Ball
1-0: Swinging Strike
1-1: Ball
2-1: Ball
3-1: Base on Balls
Batting: RHB Bill Hill 0-0: Ball
1-0: Fly out, F9 (Flyball, 9)
Runner from 3rd tags up, SCORES, throw made
Batting: RHB Bill Chaundler 0-0: Ball
1-0: Called Strike
1-1: Ball
2-1: Ball
3-1: 3-RUN HOME RUN (Flyball, 9LD), Distance : 315 ft
Batting: RHB Carlos Muñóz 0-0: Foul Ball, location: 2F
0-1: Ball
1-1: Ball
2-1: Foul Ball, location: 2F
2-2: Foul Ball, location: 2F
2-2: Foul Ball, location: 2F
2-2: Foul Ball, location: 2F
2-2: Foul Ball, location: 2F
2-2: Ball
3-2: Foul Ball, location: 2F
3-2: Foul Ball, location: 2F
3-2: Base on Balls
Pitching: RHP Vladmiri Fanardjyan
Batting: RHB Olaf Esveld 0-0: SINGLE (Groundball, 56S) (infield hit)
Carlos Muñóz to second
Batting: RHB Falco Opsteegh 0-0: Ball
1-0: Fly out, F3 (Popup, 23F)
Bottom of the 7th over - 5 runs, 3 hits, 0 errors, 2 left on base; Virginia Beach 8 - Richland 6
TOP OF THE 8TH
Virginia Beach Deuces batting - Pitching for Richland Rails : RHP Nate Johnstone
Batting: RHB Juan González 0-0: Ball
1-0: Called Strike
1-1: Fly out, F9 (Flyball, 9)
Batting: LHB Abel Apolinrio 0-0: DOUBLE (Line Drive, 89D)
Batting: RHB Luis Díaz 0-0: Ball
1-0: Ball
2-0: Foul Ball, location: 2F
2-1: Fly out, F5 (Line Drive, 5)
Batting: RHB Stephen McManus 0-0: Ground out 6-3 (Groundball, 6)
Top of the 8th over - 0 runs, 1 hit, 0 errors, 1 left on base; Virginia Beach 8 - Richland 6
BOTTOM OF THE 8TH
Richland Rails batting - Pitching for Virginia Beach Deuces : RHP Vladmiri Fanardjyan
Now at 1B: Leo Szilard
Batting: RHB Frank Simon 0-0: Called Strike
0-1: Ball
1-1: Swinging Strike
1-2: Ball
2-2: Strikes out looking
Batting: RHB Corey Hines 0-0: Foul Ball, location: 2F
0-1: Fly out, F7 (Flyball, 7S)
Batting: RHB Jung-heum Ho 0-0: Ball
1-0: Foul Ball, location: 2F
1-1: Ball
2-1: Called Strike
2-2: Strikes out swinging
Bottom of the 8th over - 0 runs, 0 hits, 0 errors, 0 left on base; Virginia Beach 8 - Richland 6
TOP OF THE 9TH
Virginia Beach Deuces batting - Pitching for Richland Rails : RHP Nate Johnstone
Pitching: RHP Jim Perry
Batting: LHB Jaime Aguilar 0-0: Called Strike
0-1: Foul Ball, location: 2F
0-2: Ball
1-2: Ball
2-2: Ball
3-2: Ground out 6-3 (Groundball, 6M)
Batting: RHB Lane McCool 0-0: Called Strike
0-1: Foul Ball, location: 2F
0-2: Ball
1-2: Strikes out swinging
Batting: SHB Iikka Karpinen 0-0: Called Strike
0-1: Ball
1-1: Foul Ball, location: 2F
1-2: Ground out U3 (Groundball, 34S)
Top of the 9th over - 0 runs, 0 hits, 0 errors, 0 left on base; Virginia Beach 8 - Richland 6
BOTTOM OF THE 9TH
Richland Rails batting - Pitching for Virginia Beach Deuces : RHP Vladmiri Fanardjyan
Pitching: RHP Kenny Hannah
Batting: RHB James Cooper 0-0: Fly out, F8 (Line Drive, 8LM)
Batting: RHB Bill Hill 0-0: Ball
1-0: Called Strike
1-1: Swinging Strike
1-2: Ball
2-2: Ball
3-2: DOUBLE (Line Drive, 7LM)
Pitching: RHP Dustin de Leeuw
Batting: RHB Bill Chaundler 0-0: Ball
1-0: Ball
2-0: Ball
3-0: Base on Balls
Batting: RHB Carlos Muñóz 0-0: Foul Ball, location: 2F
0-1: Fly out, F5 (Line Drive, 5)
Batting: RHB Olaf Esveld 0-0: Ball
1-0: Ball
2-0: Swinging Strike
2-1: Ball
3-1: Base on Balls
Bill Hill to third
Bill Chaundler to second
Batting: RHB Falco Opsteegh 0-0: Foul Ball, location: 2F
0-1: Ball
1-1: Ground out 1-3 (Groundball, 15S)
Bottom of the 9th over - 0 runs, 1 hit, 0 errors, 3 left on base; Virginia Beach 8 - Richland 6
Friday, March 29th, 2019 - OOTP Baseball 18.8 Build 76